 Dungeon Crawl Stone Soup version 0.30-a0-272-gf98c3da03f (webtiles) character file.

Game seed: 9785130042670459615

5011 ReploidZero the Skirmisher (level 10, -1/65 HPs)
             Began as a Tengu Hunter on Oct 15, 2022.
             Was a Priest of Okawaru.
             Slain by a vampire mosquito (4 damage)
             ... on level 9 of the Dungeon.
             The game lasted 00:25:49 (8830 turns).

ReploidZero the Skirmisher (Tengu Hunter)           Turns: 8830, Time: 00:25:49

Health: -1/65      AC:  7    Str: 13    XL:     10   Next: 54%
Magic:  14/14      EV: 22    Int:  9    God:    Okawaru [***...]
Gold:   812        SH:  0    Dex: 21    Spells: 9/9 levels left

rFire   + . .      SeeInvis .    a - +1 shortbow
rCold   . . .      Faith    +    (shield currently unavailable)
rNeg    + . .      Spirit   .    c - +1 leather armour
rPois   .          Reflect  .    (helmet restricted)
rElec   .          Harm     .    (no cloak)
rCorr   +          Rampage  .    m - +2 pair of gloves
Will    +....                    (boots unavailable)
Stlth   ++........               o - amulet of Modesty {Faith rN+}
HPRegen 0.30/turn                d - ring of resist corrosion
MPRegen 0.14/turn                (no ring)

@: about to teleport, flying quickly and evasively, quick
A: beak, talons 3, nimble flight, fire resistance 1, strong-willed 1
a: Renounce Religion, Heroism


You were on level 9 of the Dungeon.
You worshipped Okawaru.
Okawaru was most pleased with you.
You visited 2 branches of the dungeon, and saw 10 of its levels.
You also visited: Ossuary.

You collected 812 gold pieces.

Inventory:

Hand Weapons
 a - a +1 shortbow (weapon)
Missiles
 p - 4 atropa-tipped darts
Armour
 c - a +1 leather armour (worn)
 m - a +2 pair of gloves (worn)
 q - a scarf of shadows
Jewellery
 d - a ring of resist corrosion (left hand)
 o - the amulet of Modesty (around neck) {Faith rN+}
   (You found it on level 5 of the Dungeon)

   [amulet of faith]

   It allows you to gain divine favour quickly.
   rN:        It protects you from negative energy.
Wands
 b - a wand of flame (10)
 k - a wand of iceblast (4)
 t - a wand of digging (6)
Scrolls
 f - 2 scrolls of magic mapping
 g - a scroll of identify
 n - a scroll of enchant armour
Potions
 e - 2 potions of might
 i - 2 potions of attraction
 j - a potion of flight
 l - 4 potions of curing
 r - a potion of haste {unknown}
 s - a potion of brilliance
 u - a potion of invisibility
 x - a potion of ambrosia
 B - a potion of resistance
 C - 4 potions of mutation


   Skills:
 + Level 8.6 Fighting
 + Level 10.2 Ranged Weapons
 + Level 9.4 Dodging
 - Level 1.0 Stealth
 + Level 4.2 Invocations


You had 9 spell levels left.
You didn't know any spells.
Your spell library contained the following spells:

 Spells                   Type           Power      Damage    Failure   Level
 Magic Dart               Conj           0%         1d3       45%         1
 Cigotuvi's Dreadful Rot  Necr/Pois/Air  0%         N/A       61%         2
 Searing Ray              Conj           0%         2d4       61%         2
 Portal Projectile        Hex/Tloc       0%         N/A       83%         3
 Dispel Undead            Necr           0%         3d6       99%         4
 Fulminant Prism          Conj/Hex       0%         3d6       99%         4
 Blade Hands              Tmut           0%         N/A       100%        5
 Chain Lightning          Conj/Air       0%         N/A       100%        9
 Fire Storm               Conj/Fire      0%         5d1       100%        9
 Shatter                  Erth           0%         3d5*      100%        9
 Summon Small Mammal      Summ           Unusable   N/A       N/A         1
 Call Canine Familiar     Summ           Unusable   N/A       N/A         3
 Summon Guardian Golem    Hex/Summ       Unusable   N/A       N/A         3
 Tukima's Dance           Hex            Unusable   N/A       N/A         3
 Summon Forest            Summ/Tloc      Unusable   N/A       N/A         5
 Summon Mana Viper        Hex/Summ       Unusable   N/A       N/A         5
 Death Channel            Necr           Unusable   N/A       N/A         6
 Summon Cactus Giant      Summ           Unusable   N/A       N/A         6

Dungeon Overview and Level Annotations

Branches:
Dungeon (9/15)             Temple (1/1) D:7         Ossuary (visited)
   Lair: D:8-11         Orc: D:9-12

Altars:
Ashenzari
Cheibriados
Dithmenos
Elyvilon
Fedhas
Gozag
Hepliaklqana
Kikubaaqudgha
Makhleb
Nemelex Xobeh
Okawaru
Qazlal
Ru
Sif Muna
Trog
Uskayaw
Vehumet
Wu Jian
Xom
Yredelemnul
Zin
The Shining One


Innate Abilities, Weirdness & Mutations

You have a beak for a mouth.
You have claws for feet.
Your magical nature lets you fly swiftly and evasively.
Your flesh is heat resistant. (rF+)
You are strong-willed. (Will+)


Message History

The vampire mosquito draws strength from your injuries!
The hornet stings you but does no damage.
The vampire mosquito bites you.
The vampire mosquito bites you but does no damage.
You feel yourself speed up.
You feel sick.
The vampire mosquito bites you but does no damage.
The vampire mosquito bites you.
The vampire mosquito draws strength from your injuries!
The hornet stings you!
* * * LOW HITPOINT WARNING * * *
You are lethally poisoned!
You shrug off the repeated paralysis!
The vampire mosquito bites you but does no damage. x2
The hornet stings you.
* * * LOW HITPOINT WARNING * * *
You are more poisoned.
You feel yourself slow down.
You can move again.
You feel better.
You feel yourself speed up. The vampire mosquito bites you!
* * * LOW HITPOINT WARNING * * *
The vampire mosquito draws strength from your injuries!
The vampire mosquito closely misses you.
The hornet closely misses you.
The vampire mosquito completely misses you. x2
The hornet closely misses you.
The vampire mosquito completely misses you.
The vampire mosquito bites you.
* * * LOW HITPOINT WARNING * * *
The vampire mosquito draws strength from your injuries!
Unknown command.
Okay, then.
Okay, then.
Unknown command.
Unknown command.
As you read the scroll of teleportation, it crumbles to dust.
You feel strangely unstable. The vampire mosquito bites you.
You die...

# .
#..######....
#...y@y......
##..W.y......
#..#..####...
...! #..# .
... #..# ..
#..# . #..#
#..#


You could see a hornet, 2 vampire mosquitoes and a shadow.

Vanquished Creatures
  Pikel (D:7)
  A manticore (D:7)
  A cyclops (D:7)
  Joseph (D:7)
  Maggie (D:6)
  2 steam dragons
  Menkaure (D:7)
  2 ice beasts (D:7)
  2 orc warriors
  2 black bears
  4 sky beasts
  An ogre (D:6)
  2 lemures (D:7)
  3 centaurs (D:7)
  3 phantoms
  2 kobold brigands
  3 bullfrogs
  A necrophage (D:5)
  A scorpion (D:5)
  A gnoll sergeant (D:8)
  4 howler monkeys
  3 hounds
  2 jellies
  2 iguanas
  4 orc wizards
  9 mummies
  Robin (D:4)
  8 gnolls
  9 adders
  2 white imps
  3 ufetubi
  2 worms (D:5)
  2 dart slugs
  9 orcs
  6 ball pythons
  7 bats
  7 endoplasms
  A giant cockroach (D:2)
  15 goblins
  8 hobgoblins
  A jackal (D:5)
  4 quokkas
  3 frilled lizards
  2 gnoll zombies (Ossuary)
  A goblin zombie (D:4)
  4 hobgoblin zombies (Ossuary)
  8 kobolds
  2 kobold zombies (Ossuary)
  An orc zombie (D:4)
  7 rats
172 creatures vanquished.

Vanquished Creatures (others)
  A human (D:4)
1 creature vanquished.

Grand Total: 173 creatures vanquished

Notes
Turn   | Place    | Note
-------+----------+-------------------------------------------
     0 | D:1      | ReploidZero the Tengu Hunter began the quest for the Orb.
     0 | D:1      | Reached XP level 1. HP: 12/12 MP: 2/2
    80 | D:1      | Found a faded altar of an unknown god.
   237 | D:1      | Reached XP level 2. HP: 17/17 MP: 3/3
   600 | D:2      | Found an opulent altar of Gozag.
   742 | D:2      | Reached XP level 3. HP: 22/22 MP: 4/4
  1361 | D:3      | Reached skill level 5 in Ranged Weapons
  1361 | D:3      | Reached XP level 4. HP: 27/27 MP: 5/5
  2077 | D:4      | Noticed Robin
  2138 | D:4      | Gained mutation: Your magical nature lets you fly swiftly
                  | and evasively. [Tengu growth]
  2138 | D:4      | Reached XP level 5. HP: 32/32 MP: 6/6
  2186 | D:4      | Found a sand-covered staircase.
  2195 | Ossuary  | Entered an ossuary
  2229 | Ossuary  | Reached XP level 6. HP: 38/38 MP: 7/7
  2475 | D:4      | Found an ancient bone altar of Kikubaaqudgha.
  2477 | D:4      | Noticed a human
  2478 | D:4      | Killed a human
  2690 | D:4      | Reached skill level 6 in Ranged Weapons
  2797 | D:4      | Killed Robin
  3233 | D:5      | Entered Level 5 of the Dungeon
  3275 | D:5      | You are sucked into a shaft and drop 1 floor!
  3309 | D:6      | Noticed Maggie
  3312 | D:6      | Reached skill level 5 in Dodging
  3312 | D:6      | Reached XP level 7. HP: 33/44 MP: 8/8
  3399 | D:6      | Killed Maggie
  3400 | D:6      | Reached skill level 5 in Fighting
  3400 | D:6      | Reached skill level 7 in Ranged Weapons
  3400 | D:6      | Reached XP level 8. HP: 11/49 MP: 9/9
  3400 | D:6      | HP: 4/109 [something (5)]
  3407 | D:6      | Gained mutation: Your mind is acute. (Int +4, Str/Dex -1)
                  | [potion of mutation]
  4219 | D:5      | Found a blossoming altar of Fedhas.
  4479 | D:5      | Reached skill level 8 in Ranged Weapons
  4607 | D:5      | Identified the amulet of Modesty {Faith rN+}
  4612 | D:5      | Found a snail-covered altar of Cheibriados.
  4814 | D:5      | Lost mutation: Your mind is acute. (Int +4, Str/Dex -1)
                  | [potion of mutation]
  4814 | D:5      | Gained mutation: You are strong-willed. (Will+) [potion of
                  | mutation]
  4814 | D:5      | Gained mutation: Your flesh is heat resistant. (rF+)
                  | [potion of mutation]
  4892 | D:6      | Found a burning altar of Makhleb.
  4893 | D:6      | Found a shimmering altar of Xom.
  4894 | D:6      | Found a glowing golden altar of the Shining One.
  4894 | D:6      | Found a radiant altar of Vehumet.
  5233 | D:6      | Found a hazy altar of Hepliaklqana.
  5235 | D:6      | Found a basalt altar of Yredelemnul.
  5237 | D:6      | Found a white marble altar of Elyvilon.
  5238 | D:6      | Found a bloodstained altar of Trog.
  5398 | D:6      | Reached XP level 9. HP: 30/56 MP: 10/10
  5603 | D:7      | Found a staircase to the Ecumenical Temple.
  5612 | D:7      | Noticed Menkaure
  5617 | D:7      | Killed Menkaure
  5718 | Temple   | Entered the Ecumenical Temple
  5872 | Temple   | Became a worshipper of Warmaster Okawaru
  5916 | D:7      | Noticed Pikel
  6383 | D:7      | Noticed a manticore
  6402 | D:7      | Reached skill level 1 in Invocations
  6438 | D:7      | Noticed a cyclops
  6503 | D:7      | Noticed Joseph
  6588 | D:7      | Reached skill level 9 in Ranged Weapons
  6750 | D:7      | Killed a cyclops
  6750 | D:7      | Reached * piety under Okawaru
  7132 | D:7      | Killed a manticore
  7264 | D:7      | Reached XP level 10. HP: 64/64 MP: 13/13
  7312 | D:7      | Reached ** piety under Okawaru
  7430 | D:7      | Killed Joseph
  7727 | D:7      | Killed Pikel
  7728 | D:7      | Reached skill level 10 in Ranged Weapons
  8311 | D:8      | Reached *** piety under Okawaru
  8827 | D:9      | Paralysed by a hornet for 2 turns
  8829 | D:9      | HP: 2/65 [vampire mosquito (6)]
  8830 | D:9      | Slain by a vampire mosquito

Illustrated notes

Levels and vault maps discovered:
D:1:      dpeg_arrival_short_road, layout_basic,
          chequers_ecumenical_altar_twisty
D:2:      layout_loops_ring, basic_altar
D:3:      layout_basic, saegor_snake_ambush
D:4:      layout_basic, tgw_kikubaaqudgha, nicolae_ossuary_entry_giza,
          uniq_robin
D:5:      layout_loops_cross, slow_altar_1, general_overflow_altar,
          kennysheep_small_square
D:6:      layout_loops_cross, grunt_temple_overflow_open, minitemple,
          uniq_maggie
D:7:      minmay_opposing_rooms, layout_basic, minmay_temple_entry_arrows,
          uniq_menkaure, uniq_pikel, uniq_joseph
D:8:      layout_loops_corners
D:9:      minmay_the_grid_square_5x5_4x4
          [minmay_the_grid_square_5x5_doubleslash,
          minmay_the_grid_square_5x5_three_small,
          minmay_the_grid_square_5x5_spiral_small, minmay_the_grid_square_5x5_c,
          minmay_the_grid_square_5x5_two_walls_a,
          minmay_the_grid_square_5x5_prize_itemx,
          minmay_the_grid_square_5x5_prize_open,
          minmay_the_grid_square_5x5_almost_minimal,
          minmay_the_grid_square_5x5_checkered_sparse,
          minmay_the_grid_square_5x5_prize_open,
          minmay_the_grid_square_5x5_prize_deathbox,
          minmay_the_grid_square_5x5_inner_z,
          minmay_the_grid_square_5x5_longway,
          minmay_the_grid_square_5x5_half_checkered,
          minmay_the_grid_square_5x5_shrine1,
          minmay_the_grid_square_5x5_inverted_slash], layout_small_grid,
          minmay_between, uniq_psyche
Temple:   nicolae_temple_bog_church

Skill      XL: |  1  2  3  4  5  6  7  8  9 10 |
---------------+-------------------------------+-----
Dodging        | 3 4 5 7 8 9 |  9.4
Ranged Weapons | 5 6 7 8 9 10 | 10.2
Fighting       | 3 4 5 6 7 8 |  8.6
Invocations    | 2 4 |  4.2
Stealth        | |  1.0

Action                   |  1- 3 |  4- 6 |  7- 9 | 10-12 || total
-------------------------+-------+-------+-------+-------++-------
Melee: Unarmed           |       |       |    19 |       ||    19
 Fire: Shortbow          |    89 |   163 |   287 |   136 ||   675
Invok: Heroism           |       |       |       |     1 ||     1
Evoke: Wand              |       |       |     2 |     7 ||     9
  Use: Scroll            |       |    16 |     5 |     4 ||    25
       Potion            |       |       |    14 |     2 ||    16
Armor: Leather armour    |    11 |    23 |    27 |    18 ||    79
       Skin              |       |       |    57 |       ||    57
Dodge: Dodged            |    24 |    49 |   189 |    69 ||   331

Table legend: (Time is in decaauts)
 A = Elapsed time spent in this place.
 B = Non-inter-level travel time spent in this place.
 C = Inter-level travel time spent in this place.
 D = Time resting spent in this place.
 E = Time spent auto-exploring this place.
 F = Levels seen in this place.
 G = Mean time per level.
                   A        B        C        D        E       F      G
               +--------+--------+--------+--------+--------+-----+--------+
         Total |   8534 |   8031 |    503 |     99 |   6023 |  11 |  775.8 |
       Dungeon |   8155 |   7690 |    465 |     99 |   5794 |   9 |  906.1 |
        Temple |    160 |    123 |     37 |      0 |    103 |   1 |  160.0 |
       Ossuary |    218 |    218 |      0 |      0 |    125 |   1 |  218.0 |
               +--------+--------+--------+--------+--------+-----+--------+

Top non-repeatable levels by time:
     D:7: 1783 daAuts
     D:6: 1515 daAuts
     D:8: 972 daAuts
     D:3: 866 daAuts
     D:5: 863 daAuts
     D:4: 829 daAuts
     D:2: 712 daAuts
     D:1: 606 daAuts
 Ossuary: 218 daAuts
  Temple: 160 daAuts
     D:9: 7 daAuts
